 Dungeon Crawl Stone Soup version 0.31-a0-182-gc5ef74bbde (webtiles) character file.

Game seed: 1288080650109512949

92 frimble the Ruffian (level 4, -4/29 HPs)
             Began as an Octopode Warper on June 21, 2023.
             Slain by a black bear (7 damage)
             ... on level 2 of the Dungeon.
             The game lasted 00:01:08 (1549 turns).

frimble the Ruffian (Octopode Warper)               Turns: 1549, Time: 00:01:09

Health: -4/29      AC:  1    Str: 12    XL:     4   Next: 60%
Magic:  7/7        EV: 13    Int: 15    God:
Gold:   46         SH:  0    Dex: 11    Spells: 7/7 levels left

rFire   . .          .
                       - Unarmed
rCold   . . .        (no shield)
rNeg    . . .        (helmet restricted)
rPois   .            (no amulet)
rElec   .            (no ring)
rCorr   .            (no ring)
SInv    .            (no ring)
Will    .....        (no ring)
Stlth   ++           (no ring)
HPRegen 0.24/turn    (no ring)
MPRegen 0.10/turn    (no ring)
                     (no ring)

%: no passive effects
@: no status effects
A: almost no armour, amphibious, 8 rings, camouflage 1, gelatinous body 1,
(nimble swimmer 1), tentacles
a: no special abilities


You were on level 2 of the Dungeon.
You visited 1 branch of the dungeon, and saw 2 of its levels.

You collected 46 gold pieces.

Inventory:

Missiles
 b - 7 boomerangs of dispersal (quivered)
 g - 7 javelins
Jewellery
 f - a ring of wizardry
Scrolls
 a - a scroll of blinking
 c - a scroll of enchant armour {unknown}
 i - a scroll of fear {unknown}
 j - 2 scrolls of identify
Potions
 d - a potion of attraction
 e - a potion of enlightenment {unknown}
 h - a potion of heal wounds {unknown}


   Skills:
 - Level 2.0 Fighting
 - Level 1.0 Throwing
 - Level 2.3 Dodging
 + Level 4.7 Unarmed Combat
 - Level 2.0 Spellcasting
 - Level 3.0 Translocations


You had 7 spell levels left.
You didn't know any spells.
Your spell library contained the following spells:

 Spells                   Type           Power      Damage    Failure   Level
 Blink                    Tloc           20%        N/A       10%         2
 Lesser Beckoning         Tloc           20%        N/A       10%         2
 Teleport Other           Tloc           10%        N/A       19%         3
 Vhi's Electric Charge    Tloc/Air       12%        N/A       34%         3
 Manifold Assault         Tloc           10%        N/A       54%         4


Dungeon Overview and Level Annotations

Branches:
Dungeon (2/15)

Altars:
Ashenzari


Innate Abilities, Weirdness & Mutations

You cannot wear most types of armour.
You are amphibious.
You can wear up to eight rings at the same time.
Your skin changes colour to match your surroundings (Stealth+).
Your rubbery body absorbs attacks. (AC +1, EV +1)
((You are camouflaged when in or above water. (Stealth+)))
You have tentacles for arms and can constrict up to eight enemies at once.


Message History

There is an open door here.
You open the door.
There is an open door here.
A rat comes into view.
Found a scroll of blinking.
A rat is nearby!
A rat is nearby!
A rat is nearby!
A black bear comes into view.
You bludgeon the rat!
You kill the rat!
You see here a rat corpse.
You barely miss the black bear. Your grab misses the black bear.
The black bear bites you. The black bear misses you.
The black bear claws you but does no damage.
You closely miss the black bear. Your grab misses the black bear.
You tentacle-slap the black bear. Your grab misses the black bear.
The black bear is moderately wounded.
The black bear closely misses you. The black bear claws you.
The black bear closely misses you.
You tentacle-slap the black bear. You grab the black bear.
You squeeze the black bear!
The black bear is heavily wounded.
You constrict the black bear. The black bear bites you.
The black bear closely misses you. The black bear claws you.
You are too injured to fight recklessly!
You are too injured to fight recklessly!
You are too injured to fight recklessly!
You are too injured to fight recklessly!
You tentacle-slap the black bear but do no damage.
The black bear is severely wounded.
You constrict the black bear.
The black bear goes berserk!
You tentacle-slap the black bear but do no damage.
You squeeze the black bear.
The black bear is severely wounded.
You constrict the black bear. The black bear bites you!
The black bear misses you. The black bear claws you!
* * * LOW HITPOINT WARNING * * *
The black bear bites you!
You die...

.##..#..#.(#..'...##>.#
..##...##.##.##...##.##
...##†.#..#..#...###.#
....##...##.##...##..#
.....##.)#..#...###.##
......##...##...#.#.#
#......##..#...##.#.#
##......####.(.#h.#.#
###......##...##@##†#
##......#...#...#.#
##........##†#.#.#
##.......#..###.#
##.....##....#.#
##....#..##.#.#
##..##...###.#
##.'..#..?#.#
#############.#


You could see a black bear (berserk).

Vanquished Creatures
  A howler monkey (D:2)
  A gnoll (D:1)
  2 worms (D:2)
  A dart slug (D:2)
  3 endoplasms
  5 giant cockroaches
  3 goblins
  4 hobgoblins
  A jackal (D:2)
  A ball python (D:1)
  6 bats
  3 frilled lizards
  8 rats
39 creatures vanquished.

Notes
Turn   | Place    | Note
-------+----------+-------------------------------------------
     0 | D:1      | frimble the Octopode Warper began the quest for the Orb.
     0 | D:1      | Reached XP level 1. HP: 14/14 MP: 3/3
   192 | D:1      | Reached skill level 3 in Unarmed Combat
   192 | D:1      | Reached XP level 2. HP: 12/19 MP: 5/5
   529 | D:1      | Reached XP level 3. HP: 24/24 MP: 6/6
  1110 | D:2      | Found a broken altar of Ashenzari.
  1194 | D:2      | Reached skill level 4 in Unarmed Combat
  1194 | D:2      | Reached XP level 4. HP: 29/29 MP: 7/7
  1538 | D:2      | Noticed a black bear
  1549 | D:2      | Slain by a black bear

Illustrated notes

Levels and vault maps discovered:
D:1:      matt_arrival_spirals, layout_basic
D:2:      minmay_razor_zed, layout_basic, basic_altar,
          hangedman_abyss_or_decor_stabs, nicolae_the_louvre

Skill      XL: |  1  2  3 |
---------------+----------+-----
Unarmed Combat | 3 4 |  4.7
Fighting       | |  2.0
Throwing       | |  1.0
Dodging        | |  2.3
Spellcasting   | |  2.0
Translocations | |  3.0

Action                     |  1- 3 |  4- 6 || total
---------------------------+-------+-------++-------
  Melee: Unarmed           |    64 |    29 ||    93
         Constrict         |    18 |     6 ||    24
         Tentacles         |     9 |     6 ||    15
         Punch             |     4 |       ||     4
    Use: Scroll            |     3 |       ||     3
   Stab: Sleeping          |     7 |     3 ||    10
 Armour: Skin              |    13 |     1 ||    14
  Dodge: Dodged            |    34 |    13 ||    47

Table legend: (Time is in decaauts)
 A = Elapsed time spent in this place.
 B = Non-inter-level travel time spent in this place.
 C = Inter-level travel time spent in this place.
 D = Time resting spent in this place.
 E = Time spent auto-exploring this place.
 F = Levels seen in this place.
 G = Mean time per level.
                   A        B        C        D        E       F      G
               +--------+--------+--------+--------+--------+-----+--------+
         Total |   1543 |   1506 |     37 |      0 |   1234 |   2 |  771.5 |
       Dungeon |   1543 |   1506 |     37 |      0 |   1234 |   2 |  771.5 |
               +--------+--------+--------+--------+--------+-----+--------+

Top non-repeatable levels by time:
     D:1: 1106 daAuts
     D:2: 436 daAuts
